 Dungeon Crawl Stone Soup version 0.24.1-8-ga250c9d538 (webtiles) character file.

Game seed: 213664208571029227, levelgen mode: deterministic

143 Peloso the Covered (level 5, -1/41 HPs)
             Began as a Demonspawn Fighter on May 3, 2020.
             Slain by a hornet zombie (6 damage)
             ... on level 2 of the Dungeon.
             The game lasted 00:02:14 (1720 turns).

Peloso the Covered (Demonspawn Fighter)             Turns: 1720, Time: 00:02:15

Health: -1/41      AC:  9    Str: 17    XL:     5   Next: 4%
Magic:  5/5        EV:  4    Int:  9    God:
Gold:   59         SH:  9    Dex: 13    Spells: 4/4 levels left

rFire    . . .     SeeInvis .   a - +0 long sword
rCold    + . .     Gourm    .   c - +0 shield
rNeg     . . .     Faith    .   i - +0 chain mail
rPois    .         Spirit   .   (no helmet)
rElec    .         Reflect  .   (no cloak)
rCorr    .         Harm     .   (no gloves)
MR       .....                  (no boots)
Stlth    ..........             (no amulet)
HPRegen  0.13/turn              (no ring)
MPRegen  0.09/turn              (no ring)

@: no status effects
A: claws 2, cold resistance 1, powered by death 1
a: no special abilities


You were on level 2 of the Dungeon.
You were hungry.

You visited 1 branch of the dungeon, and saw 2 of its levels.

You collected 59 gold pieces.

Inventory:

Hand Weapons
 a - a +0 long sword (weapon)
Armour
 b - a +0 scale mail
 c - a +0 shield (worn)
 i - a +0 chain mail (worn)
Jewellery
 k - an uncursed amulet of guardian spirit {unknown}
 n - an uncursed ring of protection from magic {unknown}
Scrolls
 l - 2 scrolls of identify {unknown}
 m - a scroll of enchant armour {unknown}
Potions
 d - a potion of might
 e - 2 potions of flight {unknown}
 g - a potion of agility {unknown}
 h - a potion of brilliance {unknown}
 j - a potion of lignification {unknown}
Comestibles
 f - 2 rations


   Skills:
 + Level 3.4 Fighting
 + Level 3.2 Long Blades
 + Level 3.5 Armour
 + Level 0.4 Dodging
 + Level 0.1 Stealth
 + Level 3.3 Shields


You had 4 spell levels left.
You didn't know any spells.
Your spell library was empty.

Dungeon Overview and Level Annotations

Branches:
Dungeon (2/15)

Altars:


Innate Abilities, Weirdness & Mutations

You have very sharp fingernails.
Your flesh is cold resistant. (rC+)
You regenerate a little health from kills.


Message History

The hornet zombie is moderately damaged.
You block the hornet zombie's attack. The ooze hits you.
You block the hornet zombie's attack. The ooze hits you.
You slash the hornet zombie!
The hornet zombie is moderately damaged.
The hornet zombie hits you but does no damage.
You block the ooze's attack.
You closely miss the hornet zombie.
The hornet zombie is moderately damaged.
The hornet zombie hits you! You block the ooze's attack.
The hornet zombie hits you.
You slash the hornet zombie!
The hornet zombie is heavily damaged.
The hornet zombie barely misses you. The ooze hits you but does no damage.
You slash the hornet zombie!
The hornet zombie is severely damaged.
The hornet zombie hits you!
* * * LOW HITPOINT WARNING * * *
The ooze hits you but does no damage. The hornet zombie hits you.
You die...

#...........#.####..
##...........#.# ##.
#####...........##.#
#.
..................##
#.
##............##...#
##
#$........)..####..###
# #.......## #....###
###..###### ##.#....
#....@...# #.####.
#...J.Z..# #......
#........# ###..###
#........# #.......
#........# #.......
..######### #.......
... #....... ##
#....... #.......


You could see an ooze and a hornet zombie.

Vanquished Creatures
  An ogre (D:1)
  An adder (D:2)
  An ooze (D:1)
  A worm (D:2)
  3 dart slugs (D:1)
  A ball python (D:2)
  4 bats (D:1)
  2 giant cockroaches (D:1)
  5 goblins
  4 hobgoblins
  4 frilled lizards
  4 kobolds (D:1)
  5 rats (D:1)
36 creatures vanquished.

Notes
Turn   | Place    | Note
-------+----------+-------------------------------------------
     0 | D:1      | Peloso the Demonspawn Fighter began the quest for the Orb.
     0 | D:1      | Reached XP level 1. HP: 18/18 MP: 1/1
    78 | D:1      | Gained mutation: Your flesh is cold resistant. (rC+)
                  | [demonic ancestry]
    78 | D:1      | Reached XP level 2. HP: 2/24 MP: 2/2
   889 | D:1      | Gained mutation: You regenerate a little health from kills.
                  | [demonic ancestry]
   889 | D:1      | Reached XP level 3. HP: 29/29 MP: 3/3
  1186 | D:2      | Noticed an ogre
  1197 | D:1      | Killed an ogre
  1197 | D:1      | Gained mutation: You have sharp fingernails. [demonic
                  | ancestry]
  1197 | D:1      | Reached XP level 4. HP: 6/35 MP: 4/4
  1623 | D:2      | Gained mutation: You have very sharp fingernails. [demonic
                  | ancestry]
  1623 | D:2      | Reached XP level 5. HP: 41/41 MP: 5/5
  1720 | D:2      | Slain by a hornet zombie

Levels and vault maps discovered:
D:1:      wander_arrival_abandoned_jail, layout_basic,
          hangedman_decor_slide_cut, roderic_lattice_a
D:2:      layout_rooms

Skill      XL: |  1  2  3 |
---------------+----------+-----
Armour         | 3 |  3.5
Long Blades    | 2 3 |  3.2
Shields        | 3 |  3.3
Fighting       | |  3.4
Dodging        | |  0.4
Stealth        | |  0.1

Action                   |  1- 3 |  4- 6 || total
-------------------------+-------+-------++-------
Melee: Long sword        |    73 |    46 ||   119
  Eat: Chunk             |       |     2 ||     2
Armor: Scale mail        |    26 |       ||    26
       Chain mail        |    28 |    30 ||    58
Dodge: Dodged            |    36 |    11 ||    47
Block: Shield            |    57 |    35 ||    92
       Rpst.: Long sword |    13 |     3 ||    16
